 Dungeon Crawl Stone Soup version 0.28.0-45-g0d030f2227 (webtiles) character file.

Game seed: 12941739277649105580

1946 NinjaNoafa the Poker (level 9, -7/65 HPs)
             Began as a Merfolk Gladiator on Apr 2, 2022.
             Was a Follower of Fedhas.
             Mangled by an orc warrior
             ... wielding a +0 halberd
              (20 damage)
             ... in a bailey.
             The game lasted 00:32:33 (7800 turns).

NinjaNoafa the Poker (Merfolk Gladiator)            Turns: 7800, Time: 00:32:34

Health: -7/65      AC: 12    Str: 17      XL:     9   Next: 18%
Magic:  15/15      EV:  8    Int: 13 (18) God:    Fedhas [*.....]
Gold:   340        SH: 12    Dex: 17      Spells: 16/17 levels left

rFire   . . .      SeeInvis .   z - +10 war axe "Azohow" {speed, rCorr Int+5}
rCold   . . .      Faith    .   v - +0 tower shield
rNeg    . . .      Spirit   .   A - +2 scale mail {Will+}
rPois   +          Reflect  .   G - +0 helmet
rElec   .          Harm     .   u - +1 cloak {Will+}
rCorr   +          Rampage  .   D - +0 pair of gloves
Will    ++...                   (no boots)
Stlth   ++........              e - amulet of the acrobat
HPRegen 0.20/turn               l - +6 ring of intelligence
MPRegen 0.14/turn               r - ring of poison resistance

@: mighty, about to teleport, hasted, quick
A: (nimble swimmer 2), mertail
a: Renounce Religion


You were in a bailey.
You worshipped Fedhas.
Fedhas was aware of your devotion.
You visited 2 branches of the dungeon, and saw 8 of its levels.
You also visited: Bailey.

You collected 497 gold pieces.
You spent 157 gold pieces at shops.

Inventory:

Hand Weapons
 a - a +1 trident
 m - a +0 hunting sling
 s - a +0 antimagic dagger
 z - the +10 war axe "Azohow" (weapon) {speed, rCorr Int+5}
   (You took it off an orc on level 6 of the Dungeon)

   Attacks with this weapon are significantly faster.
   Int:       It affects your intelligence (+5).
   rCorr:     It protects you from acid and corrosion.
 E - a +1 halberd of freezing
 F - a +3 halberd
Missiles
 c - 4 javelins
 g - 88 stones
 h - 2 throwing nets
 i - 135 arrows
 n - 44 sling bullets
 o - 4 poisoned darts (quivered)
Armour
 b - a +0 leather armour
 t - a +0 robe
 u - a +1 cloak of willpower (worn)
 v - a +0 tower shield (worn)
 A - a +2 scale mail of willpower (worn)
 D - a +0 pair of gloves (worn)
 G - a +0 helmet (worn)
Jewellery
 e - an amulet of the acrobat (around neck)
 l - a +6 ring of intelligence (left hand)
 r - a ring of poison resistance (right hand)
 x - a ring of positive energy
Scrolls
 j - a scroll of teleportation
 p - 2 scrolls of noise
 q - a scroll of magic mapping
Potions
 k - a potion of flight {unknown}
 w - a potion of magic
 B - a potion of might
 C - a potion of attraction {unknown}


   Skills:
 + Level 3.8 Fighting
 * Level 1.2(2.9) Axes
 - Level 7.3(7.5) Polearms
 + Level 3.6 Throwing
 + Level 6.8 Dodging
 + Level 4.4 Stealth
 * Level 1.3 Shields
 - Level 4.5 Spellcasting
 - Level 4.0 Air Magic
 * Level 2.7 Invocations


You had 16 spell levels left.
You knew the following spells:

 Your Spells              Type           Power      Damage    Failure   Level
a - Shock                 Conj/Air       32%        1d5       99%         1

Your spell library contained the following spells:

 Spells                   Type           Power      Damage    Failure   Level
 Swiftness                Air            13%        N/A       100%        3
 Airstrike                Air            6%         N/A       100%        4
 Fulminant Prism          Conj/Hex       1%         3d6       100%        4
 Iskenderun's Mystic Bla  Conj/Tloc      2%         2d3       100%        4
 Lee's Rapid Deconstruct  Erth           1%         3d5*      100%        5


Dungeon Overview and Level Annotations

Branches:
Dungeon (7/15)             Temple (1/1) D:4          Bailey (1/1)

Altars:
Cheibriados
Fedhas
Makhleb
Nemelex Xobeh
Okawaru
Ru
Sif Muna
Trog
Uskayaw
Vehumet

Shops:
D:4 *


Innate Abilities, Weirdness & Mutations

((You are very nimble when in or above water. (Stealth+, EV+, Speed+++)))
Your lower body shifts to a powerful aquatic tail in water.


Message History

The orc warrior hits you but does no damage.
You block the orc's attack. The orc warrior closely misses you.
You block the orc's attack.
Things that are here:
a +0 trident; a +0 chain mail; a centaur corpse
There is an open door here.
Your legs become a tail as you enter the water.
Your legs become a tail as you enter the water.
As you read the scroll of identify, it crumbles to dust.
B - 2 potions of might You feel better.
You feel very mighty all of a sudden. The orc warrior barely misses you.
The orc closely misses you.
The orc warrior hits you from afar with a +0 halberd!
You slash the orc warrior!
The orc warrior is moderately wounded.
You block the orc warrior's attack. The orc hits you but does no damage.
The orc warrior barely misses you.
You hit the orc warrior.
The orc warrior is heavily wounded.
The orc warrior hits you with a +0 halberd.
* * * LOW HITPOINT WARNING * * *
You block the orc's attack.
The orc warrior hits you from afar with a +0 halberd.
* * * LOW HITPOINT WARNING * * *
You feel better. You block the orc warrior's attack.
You closely miss the orc warrior.
The orc warrior is heavily wounded.
You block the orc's attack.
The orc warrior hits you from afar with a +0 halberd.
You closely miss the orc warrior.
The orc warrior is heavily wounded.
The orc warrior hits you with a +0 halberd!
* * * LOW HITPOINT WARNING * * *
The orc completely misses you. The orc warrior barely misses you.
As you read the scroll of teleportation, it crumbles to dust.
You feel strangely unstable.
The orc warrior hits you with a +0 halberd!!
You die...
Fedhas appreciates your contribution to the ecosystem.

###################
#≈≈≈≈≈≈≈≈≈≈≈≈≈≈≈≈≈##
............o.o....##
............o.).....#
.....⌠##########'####
..#####.........o..≈#
.##....≈≈≈≈≈≈≈≈≈oo.≈#
#.⌠.≈≈≈.......≈≈o.≈##
#..≈≈..≈≈≈≈≈≈≈.@..≈≈##
#.≈≈.≈≈≈.....≈≈≈...≈≈##
##.≈.≈≈..≈≈≈≈≈..≈≈..⌠≈≈#
#.≈≈)≈.≈≈≈...≈≈≈.≈≈..≈≈#
#.≈.≈≈)≈..⌠.⌠..≈≈.≈...≈#
#)≈.).[≈..∩∩∩.....≈...≈#
#)≈.≈≈)≈..⌠.⌠..≈≈.≈...≈#
#.≈≈.≈.≈≈≈...≈≈≈.≈≈..≈≈#
##.≈.≈≈..≈≈≈≈≈..≈≈..⌠≈≈#


You could see 2 orc warriors and 2 orcs.

Vanquished Creatures
  A water moccasin (D:6)
  2 ice beasts (D:6)
  2 sky beasts
  A black bear (D:6)
  2 ogres (D:5)
  4 centaurs
  2 phantoms (D:5)
  A bullfrog (D:6)
  A scorpion (D:6)
  A wyvern skeleton (D:6)
  2 bullfrog skeletons
  2 orc priests
  4 hounds
  3 orc wizards (D:7)
  3 iguanas
  A mummy (D:5)
  A howler monkey zombie (D:6)
  7 adders
  2 white imps
  An ufetubus (D:6)
  A worm (D:4)
  A dart slug (D:3)
  26 orcs
  3 bats
  6 endoplasms
  3 giant cockroaches (D:2)
  A goblin (D:1)
  6 hobgoblins
  2 quokkas
  5 ball pythons
  2 frilled lizards
  2 kobolds (D:2)
  A kobold zombie (D:5)
  An orc zombie (D:5)
  11 rats
114 creatures vanquished.

Vanquished Creatures (others)
  A plant (D:3)
1 creature vanquished.

Grand Total: 115 creatures vanquished

Notes
Turn   | Place    | Note
-------+----------+-------------------------------------------
     0 | D:1      | NinjaNoafa the Merfolk Gladiator began the quest for the
                  | Orb.
     0 | D:1      | Reached XP level 1. HP: 16/16 MP: 1/1
   536 | D:1      | Reached XP level 2. HP: 23/23 MP: 2/2
  1039 | D:1      | Reached skill level 1 in Stealth
  1352 | D:2      | Reached skill level 5 in Polearms
  1467 | D:2      | Reached XP level 3. HP: 28/28 MP: 3/3
  2443 | D:3      | You fall into a shaft and drop 1 floor!
  2453 | D:4      | Reached XP level 4. HP: 28/34 MP: 3/5
  2549 | D:4      | Found a staircase to the Ecumenical Temple.
  2570 | Temple   | Entered the Ecumenical Temple
  2684 | Temple   | Became a worshipper of Cheibriados the Contemplative
  2725 | D:4      | Reached skill level 1 in Spellcasting
  2755 | D:4      | Reached XP level 5. HP: 39/40 MP: 5/7
  2891 | D:4      | Found a sparkling altar of Nemelex Xobeh.
  3115 | D:4      | Reached skill level 1 in Air Magic
  3158 | D:4      | Found Vimass's Assorted Antiques.
  3175 | D:4      | Bought a runed cloak for 157 gold pieces
  3432 | D:5      | Entered Level 5 of the Dungeon
  3563 | D:5      | Found a shimmering blue altar of Sif Muna.
  3683 | D:5      | Noticed a centaur
  3687 | D:5      | Noticed a sky beast
  3705 | D:5      | Killed a centaur
  3706 | D:5      | Reached XP level 6. HP: 43/46 MP: 9/9
  3801 | D:5      | Killed a sky beast
  3802 | D:5      | Reached skill level 5 in Dodging
  4245 | D:5      | Reached XP level 7. HP: 26/51 MP: 11/11
  4419 | D:5      | Reached skill level 6 in Polearms
  4795 | D:5      | Reached * piety under Cheibriados
  5659 | D:6      | Reached XP level 8. HP: 28/57 MP: 13/13
  6183 | D:6      | Found a blossoming altar of Fedhas.
  6405 | D:6      | Reached skill level 7 in Polearms
  6565 | D:6      | Identified the +10 war axe "Azohow" {speed, rCorr Int+5}
  6573 | D:6      | Reached skill level 1 in Invocations
  6770 | D:6      | Fell from the grace of Cheibriados
  6770 | D:6      | Became a worshipper of Fedhas Madash
  6777 | D:6      | Learned a level 1 spell: Shock
  7092 | D:6      | You fall into a shaft and drop 1 floor!
  7139 | D:7      | Reached XP level 9. HP: 47/64 MP: 15/15
  7418 | D:7      | Reached skill level 1 in Axes
  7548 | D:7      | Found a flagged portal.
  7573 | Bailey   | Entered a bailey
  7595 | Bailey   | Reached skill level 1 in Shields
  7597 | Bailey   | Reached * piety under Fedhas
  7800 | Bailey   | Mangled by an orc warrior

Illustrated notes

Levels and vault maps discovered:
D:1:      lemuel_arrival_broad_hall, layout_loops_corners,
          palyth_stone_intersect, nicolae_figureground_pulse
D:2:      layout_basic
D:3:      layout_rooms, serial_shops, nicolae_shop_statue_plus,
          chequers_big_river
D:4:      layout_loops_cross, amcnicky_altar_gilded, minmay_temple_entry_glass,
          serial_shops, nicolae_lakefront_shop
D:5:      layout_basic, mainiacjoe_overflow_tiny_flanked,
          nicolae_ossuary_entry_giza, st_stairs_6
D:6:      layout_rooms, lemuel_doored_altar, hangedman_decor_peaks_small
D:7:      layout_basic, mainiacjoe_overflow_six_doors_small, enter_bailey_2
Temple:   minmay_temple_curvy_branch
Bailey:   bailey_polearm_flooded_kennysheep, bailey

Skill      XL: |  1  2  3  4  5  6  7  8  9 |
---------------+----------------------------+-----
Stealth        | 1 2 3 4 |  4.4
Polearms       | 5 6 7 |  7.3
Spellcasting   | 1 2 3 4 |  4.5
Air Magic      | 2 3 4 |  4.0
Dodging        | 5 6 |  6.8
Fighting       | 3 |  3.8
Throwing       | 3 |  3.6
Invocations    | 2 |  2.7
Axes           | 1 |  1.2
Shields        | 1 |  1.3

Action                   |  1- 3 |  4- 6 |  7- 9 || total
-------------------------+-------+-------+-------++-------
Melee: Trident           |    79 |    94 |   167 ||   340
       Punch             |     1 |     2 |     1 ||     4
       War axe           |       |       |    51 ||    51
 Fire: Hunting sling     |    16 |     5 |       ||    21
Throw: Stone             |    35 |     9 |    31 ||    75
       Dart              |     5 |    26 |    21 ||    52
       Throwing net      |     1 |     1 |     2 ||     4
 Cast: Shock             |       |       |     2 ||     2
  Use: Scroll            |     5 |     6 |     7 ||    18
       Potion            |       |     3 |     9 ||    12
 Stab: Sleeping          |     2 |     2 |     4 ||     8
Armor: Leather armour    |    27 |     3 |     4 ||    34
       Robe              |       |    23 |    36 ||    59
       Skin              |       |     4 |       ||     4
       Scale mail        |       |       |    24 ||    24
Dodge: Dodged            |    67 |   120 |   184 ||   371
Block: Tower shield      |       |       |    62 ||    62
